 Dungeon Crawl Stone Soup version 0.26.1-12-g5ba1501909 (webtiles) character file.

Game seed: 2837544244686135974

205 Zeld the Chucker (level 5, -1/50 HPs)
             Began as a Troll Hunter on Oct 28, 2021.
             Slain by a hound (4 damage)
             ... on level 4 of the Dungeon.
             The game lasted 00:03:02 (3042 turns).

Zeld the Chucker (Troll Hunter)                     Turns: 3042, Time: 00:03:03

Health: -1/50      AC:  6    Str: 21    XL:     5   Next: 53%
Magic:  4/4        EV: 10    Int:  7    God:
Gold:   80         SH:  0    Dex: 10    Spells: 4/4 levels left

rFire    . . .     SeeInvis .   a - +0 mace
rCold    . . .     Faith    .   (no shield)
rNeg     . . .     Spirit   .   b - +0 robe
rPois    .         Reflect  .   (helmet restricted)
rElec    .         Harm     .   (no cloak)
rCorr    .         Rampage  .   (gloves unavailable)
Will     .....                  (boots unavailable)
Stlth    +.........             (no amulet)
HPRegen  0.56/turn              (no ring)
MPRegen  0.09/turn              (no ring)

@: lethally poisoned (-1 -> -2)
A: large, unfitting armour, claws 3, regeneration 1, shaggy fur 1, tough skin 3
a: no special abilities


You were on level 4 of the Dungeon.
You visited 1 branch of the dungeon, and saw 4 of its levels.

You collected 80 gold pieces.

Inventory:

Hand Weapons
 a - a +0 mace (weapon)
Missiles
 c - 5 large rocks (quivered)
 d - 2 throwing nets
 j - 16 poisoned darts
Armour
 b - a +0 robe (worn)
Jewellery
 i - an uncursed ring of fire {unknown}
Scrolls
 f - 2 scrolls of identify {unknown}
 g - a scroll of amnesia {unknown}
 h - 7 scrolls of remove curse {unknown}
 l - a scroll of magic mapping {unknown}
 m - 2 scrolls of enchant weapon {unknown}
 q - 3 scrolls of fog {unknown}
 r - a scroll of teleportation {unknown}
 s - a scroll of random uselessness {unknown}
Potions
 e - 3 potions of curing {unknown}
 k - 3 potions of flight {unknown}
 n - a potion of heal wounds {unknown}
 o - 2 potions of haste {unknown}
 p - a potion of might {unknown}
 t - a potion of brilliance {unknown}


   Skills:
 * Level 2.7 Fighting
 * Level 2.1 Maces & Flails
 * Level 4.3 Throwing
 + Level 2.3 Dodging
 + Level 1.1 Stealth


You had 4 spell levels left.
You didn't know any spells.
Your spell library was empty.

Dungeon Overview and Level Annotations

Branches:
Dungeon (4/15)
 Temple: D:4-7

Altars:
Dithmenos
Makhleb
Qazlal


Innate Abilities, Weirdness & Mutations

You are too large for most types of armour.
You have claws for hands.
Your natural rate of healing is unusually fast.
You are covered in fur. (AC +1)
You have extremely tough skin. (AC +3)


Message History

The hound bites you but does no damage. The hound closely misses you.
Press: ? - help, v - describe, . - travel, g - get item
Here: a hound
Items here: a +0 whip of venom; a gnoll corpse; an adder corpse.
The floor, spattered with blood.
You hit the hound.
The hound is lightly wounded.
You feel sick. The hound barely misses you.
The hound bites you but does no damage.
You hit the hound.
The hound is heavily wounded.
You feel sick. The hound closely misses you. x2
You hit the hound but do no damage.
The hound is heavily wounded.
You feel sick. The hound closely misses you. The hound bites you.
* * * LOW HITPOINT WARNING * * *
You sock the hound!
The hound is almost dead.
You feel sick. The hound bites you.
You die...

# .# .# #.#
##..# #..#
#@# ##h#
#####gg####
.......g...#
...........#
#..........#
#..........#
#..........#
#..........#


You could see a hound and 3 gnolls.

Vanquished Creatures
  2 hounds
  6 adders
  A gnoll (D:4)
  2 oozes
  3 worms
  2 leopard geckos
  9 orcs (D:3)
  5 giant cockroaches
  5 goblins
  3 hobgoblins
  3 quokkas (D:3)
  A ball python (D:1)
  4 bats
  A frilled lizard (D:1)
  5 kobolds
  8 rats
60 creatures vanquished.

Notes
Turn   | Place    | Note
-------+----------+-------------------------------------------
     0 | D:1      | Zeld the Troll Hunter began the quest for the Orb.
     0 | D:1      | Reached XP level 1. HP: 19/19 MP: 0/0
   311 | D:1      | Reached XP level 2. HP: 23/28 MP: 1/1
  1243 | D:2      | Found a shadowy altar of Dithmenos.
  1243 | D:2      | Found a stormy altar of Qazlal.
  1336 | D:2      | Found a burning altar of Makhleb.
  1345 | D:2      | Reached skill level 1 in Maces & Flails
  1345 | D:2      | Reached XP level 3. HP: 23/35 MP: 2/2
  1614 | D:2      | Reached skill level 4 in Throwing
  1925 | D:3      | Reached XP level 4. HP: 38/42 MP: 3/3
  2015 | D:3      | HP: 2/44 [orc/+0 flail (6)]
  2049 | D:3      | Reached skill level 1 in Stealth
  2282 | D:3      | Reached XP level 5. HP: 50/50 MP: 4/4
  2596 | D:4      | Noticed a phantom
  3042 | D:4      | Slain by a hound

Illustrated notes

Levels and vault maps discovered:
D:1:      minmay_arrival_widening_spiral_wide, layout_loops_cross,
          due_unseen_surprise
D:2:      layout_loops_corners, gammafunk_temple_overflow_elements,
          makhleb_blood_cavern_becter
D:3:      layout_rooms
D:4:      layout_rooms, uniq_eustachio

Skill      XL: |  1  2  3  4  5 |
---------------+----------------+-----
Fighting       | 2 |  2.7
Maces & Flails | 1 2 |  2.1
Throwing       | 4 |  4.3
Dodging        | 2 |  2.3
Stealth        | 1 |  1.1

Action                   |  1- 3 |  4- 6 || total
-------------------------+-------+-------++-------
Melee: Unarmed           |    31 |       ||    31
       Club              |    92 |       ||    92
       Mace              |    20 |   157 ||   177
 Stab: Sleeping          |     4 |       ||     4
Armor: Robe              |    52 |    97 ||   149
Dodge: Dodged            |    79 |   136 ||   215
